 Dungeon Crawl Stone Soup version 0.31-a0-188-g5e087ee2ca (webtiles) character file.

Game seed: 2729320808487946114

2958 qw the Skirmisher (level 9, -1/52 HPs)
             Began as a Deep Elf Hunter on June 23, 2023.
             Was a Follower of Okawaru.
             Slain by a catoblepas (11 damage)
             ... on level 8 of the Dungeon.
             The game lasted 00:03:04 (6548 turns).

qw the Skirmisher (Deep Elf Hunter)                 Turns: 6548, Time: 00:03:04

Health: -1/52      AC: 10    Str: 12    XL:     9   Next: 52%
Magic:  13/14      EV: 17    Int: 15    God:    Okawaru [*.....]
Gold:   465        SH:  0    Dex: 18    Spells: 8/8 levels left

rFire   . . .        Y - +1 shortbow (flame)
rCold   . . .        (shield currently unavailable)
rNeg    . . .        m - +0 ring mail
rPois   .            n - +0 helmet
rElec   .            k - +0 cloak
rCorr   .            a - +0 pair of gloves
SInv    .            (no boots)
Will    .....        (no amulet)
Stlth   +++          (no ring)
HPRegen 0.28/turn    (no ring)
MPRegen 0.14/turn

%: no passive effects
@: heroic
A: no striking features
a: Renounce Religion, Heroism


You were on level 8 of the Dungeon.
You worshipped Okawaru.
Okawaru was aware of your devotion.
You visited 2 branches of the dungeon, and saw 9 of its levels.

You collected 465 gold pieces.


   Skills:
 - Level 4.1(9.1) Fighting
 - Level 14.0(19.0) Ranged Weapons
 - Level 2.1(7.1) Armour
 + Level 6.8(11.8) Dodging
 - Level 1.2(6.2) Stealth
 - Level 4.0 Invocations


You had 8 spell levels left.
You didn't know any spells.
Your spell library was empty.

Inventory:

Hand Weapons
 Y - a +1 shortbow of flaming (weapon)
Armour
 a - a +0 pair of gloves (worn)
 k - a +0 cloak (worn)
 m - a +0 ring mail (worn)
 n - a +0 helmet (worn)
Scrolls
 c - a scroll of identify
Potions
 b - 2 potions of might
 d - a potion of magic
 e - a potion of enlightenment
 f - a potion of curing
 h - a potion of resistance
 l - a potion of cancellation

Dungeon Overview and Level Annotations

Branches:
Dungeon (8/15)             Temple (1/1) D:4
   Lair: D:8-11

Altars:
Ashenzari
Dithmenos
Elyvilon
Fedhas
Gozag
Hepliaklqana
Kikubaaqudgha
Makhleb
Nemelex Xobeh
Okawaru
Qazlal
Ru
Trog
Vehumet
Xom
Yredelemnul
Zin
The Shining One

Annotations:
D:6 exclusion: gnoll sergeant


Message History

The arrow hits the catoblepas but does no damage.
You feel sick.
You shoot an arrow. The arrow hits the catoblepas.
The arrow burns the catoblepas.
The catoblepas is lightly wounded.
You feel sick.
A deep elf pyromancer comes into view. It is wielding a +0 short sword.
The orc priest mumbles some strange prayers to Beogh against you.
Beogh smites you!
The catoblepas breathes a plume of calcifying dust at you.
The blast of calcifying dust hits you. The orc closely misses you.
6543 ||| Stepping ~*~*~tactically~*~*~ (cloud).
You feel sick.
You shoot an arrow. The arrow hits the catoblepas!
The arrow burns the catoblepas.
The catoblepas is lightly wounded.
You feel sick.
The deep elf pyromancer mumbles some strange words.
The deep elf pyromancer blinks!
The catoblepas misses you.
You shoot an arrow.
The arrow hits the catoblepas but does no damage.
The catoblepas is lightly wounded.
You feel sick.
The catoblepas breathes a plume of calcifying dust at you.
The blast of calcifying dust hits you.
6546 ||| Stepping ~*~*~tactically~*~*~ (cloud).
The catoblepas attacks as you move away!
The catoblepas barely misses you.
You feel sick.
The catoblepas breathes a plume of calcifying dust at you.
The blast of calcifying dust hits you.
6547 ||| Stepping ~*~*~tactically~*~*~ (cloud).
You feel sick.
You are no longer poisoned.
You shoot an arrow.
The arrow hits the catoblepas but does no damage.
The catoblepas is lightly wounded.
The deep elf pyromancer mumbles some strange words.
The catoblepas gores you!
You die...

... ...... .... ......
.... .....o# ... .
.......####.. .##
....... ..¤# ...
....E..##¤#####.# ~~
......o#o¤#.##..##~#
......e.Y@.¤....#..+
...##.###.#....#..~###~
#. ##..##.#..~~~~~ #.
#..#.........# #=
#...#......... #
#...#<))......
#....)).......
#.............
#..............


You could see a catoblepas, a deep elf pyromancer, a fire elemental (summoned),
an orc priest and an orc.

Vanquished Creatures
  Grinder (D:3)
  A hornet (D:7)
  Menkaure (D:7)
  A water moccasin (D:8)
  2 sky beasts
  4 black bears
  3 ice beasts (D:7)
  2 ogres (D:5)
  2 centaurs
  2 kobold brigands
  A bullfrog (D:7)
  A vampire bat (D:4)
  8 jellies
  2 orc priests
  2 hounds
  2 sleepcaps
  2 gnoll boudas
  5 orc wizards
  3 iguanas
  17 gnolls
  4 adders
  A white imp (D:7)
  4 worms
  2 dart slugs
  22 orcs
  6 ball pythons
  8 endoplasms
  4 giant cockroaches
  7 goblins
  6 hobgoblins
  A jackal (D:1)
  7 quokkas
  18 bats
  5 frilled lizards
  13 kobolds
  5 rats
175 creatures vanquished.

Notes
Turn   | Place    | Note
-------+----------+-------------------------------------------
     0 | D:1      | qw the Deep Elf Hunter began the quest for the Orb.
     0 | D:1      | Reached XP level 1. HP: 12/12 MP: 3/3
     0 | D:1      | 0 ||| qw: Version: 0.3-a-9-g12657ce
     0 | D:1      | 0 ||| qw: Game counter: 3863
     0 | D:1      | 0 ||| qw: Always use a shield: true
     0 | D:1      | 0 ||| qw: God list: Okawaru
     0 | D:1      | 0 ||| qw: Allow faded altars: false
     0 | D:1      | 0 ||| qw: Do Orc after D:15 true
     0 | D:1      | 0 ||| qw: Do second Lair branch before Depths: true
     0 | D:1      | 0 ||| qw: Lair rune preference: random
     0 | D:1      | 0 ||| qw: Plans: Normal
     0 | D:1      | 0 ||| PLANNING D:1-11
    83 | D:1      | Reached skill level 6 in Ranged Weapons
    83 | D:1      | Reached XP level 2. HP: 7/16 MP: 4/4
   259 | D:1      | HP: 3/16 [ball python (2)]
   264 | D:1      | Reached XP level 3. HP: 4/20 MP: 5/5
   726 | D:1      | 726 ||| UPGRADING to +0 cloak.
   731 | D:1      | 731 ||| READING scroll labelled TUGY XIDAURIA.
   732 | D:1      | 732 ||| READING scroll labelled SINISCHAOTH.
   737 | D:1      | 737 ||| DRINKING 2 fizzy grey potions.
   765 | D:1      | 765 ||| DROPPING scroll of butterflies.
   766 | D:1      | 766 ||| DROPPING potion of lignification.
   794 | D:2      | Reached skill level 7 in Ranged Weapons
   922 | D:2      | Reached XP level 4. HP: 25/25 MP: 6/6
   925 | D:2      | 925 ||| FLEEEEING.
   976 | D:2      | Found a faded altar of an unknown god.
  1191 | D:2      | 1191 ||| READING scroll labelled MAUGAMO JUPNIMM.
  1192 | D:2      | 1192 ||| READING scroll labelled GISIEPR ZUSH.
  1193 | D:2      | 1193 ||| READING scroll labelled ICSEOTIEGRUD.
  1194 | D:2      | 1194 ||| DRINKING 2 glowing puce potions.
  1196 | D:2      | 1196 ||| Stepping ~*~*~tactically~*~*~ (cloud).
  1197 | D:2      | 1197 ||| DRINKING potion of curing.
  1197 | D:2      | 1197 ||| (to cure poison)
  1249 | D:3      | 1249 ||| PLANNING SEWER
  1294 | D:3      | Found a burning altar of Makhleb.
  1498 | D:3      | Noticed Grinder
  1499 | D:3      | Paralysed by Grinder for 3 turns
  1508 | D:3      | Paralysed by Grinder for 3 turns
  1511 | D:3      | 1511 ||| FLEEEEING.
  1512 | D:3      | 1512 ||| FLEEEEING.
  1513 | D:3      | 1513 ||| FLEEEEING.
  1514 | D:3      | 1514 ||| FLEEEEING.
  1515 | D:3      | 1515 ||| FLEEEEING.
  1516 | D:3      | 1516 ||| FLEEEEING.
  1542 | D:3      | Killed Grinder
  1543 | D:3      | Reached skill level 9 in Ranged Weapons
  1543 | D:3      | Reached XP level 5. HP: 17/29 MP: 7/7
  1543 | D:3      | Reached XP level 6. HP: 20/34 MP: 8/8
  1665 | D:3      | Found a shadowy altar of Dithmenos.
  1862 | D:3      | HP: 8/34 [orc/+0 trident (3)]
  1865 | D:3      | HP: 2/34 [orc wizard/+0 dagger (3)]
  1866 | D:3      | Reached skill level 3 in Dodging
  1869 | D:3      | 1869 ||| RIP SEWER
  1870 | D:3      | 1870 ||| PLANNING D:1-11
  2049 | D:3      | Found a glowing golden altar of the Shining One.
  2314 | D:3      | 2314 ||| UPGRADING to +0 pair of gloves.
  2319 | D:3      | 2319 ||| UPGRADING to +0 robe of cold resistance.
  2329 | D:3      | 2329 ||| READING scroll labelled NUICVU CEXU.
  2330 | D:3      | 2330 ||| READING scroll labelled LAVUAWA IJAFI.
  2377 | D:4      | Found a sacrificial altar of Ru.
  2462 | D:4      | HP: 6/35 [gnoll/+0 flail (11)]
  2463 | D:4      | 2463 ||| READING scroll of teleportation.
  2468 | D:4      | Found a staircase to the Ecumenical Temple.
  2469 | D:4      | 2469 ||| PLANNING TEMPLE
  2474 | D:4      | Reached skill level 10 in Ranged Weapons
  2590 | Temple   | Entered the Ecumenical Temple
  2591 | Temple   | 2591 ||| PLANNING OKAWARU WORSHIP
  2654 | Temple   | Became a worshipper of Warmaster Okawaru
  2655 | Temple   | 2655 ||| PLANNING D:1-11
  2674 | D:4      | 2674 ||| READING scroll of brand weapon.
  2674 | D:4      | 2674 ||| BRANDING +0 shortbow of freezing.
  2849 | D:4      | Noticed a sky beast
  2857 | D:4      | Killed a sky beast
  2858 | D:4      | Reached XP level 7. HP: 40/40 MP: 9/9
  2972 | D:4      | Found a sparkling altar of Nemelex Xobeh.
  3033 | D:4      | Reached * piety under Okawaru
  3034 | D:4      | Reached skill level 11 in Ranged Weapons
  3237 | D:4      | Reached skill level 1 in Invocations
  3306 | D:4      | 3306 ||| DROPPING +0 leather armour.
  3307 | D:4      | 3307 ||| UPGRADING to +0 ring mail.
  3317 | D:4      | 3317 ||| DROPPING +0 robe of cold resistance.
  3318 | D:4      | 3318 ||| READING scroll labelled GIHATA MOTEONN.
  3332 | D:5      | Entered Level 5 of the Dungeon
  3333 | D:5      | 3333 ||| INVOKING Heroism.
  3345 | D:5      | Reached skill level 1 in Armour
  3360 | D:5      | 3360 ||| STAIRDANCE
  3407 | D:5      | 3407 ||| INVOKING Heroism.
  3411 | D:5      | Reached XP level 8. HP: 44/44 MP: 9/12
  3435 | D:5      | 3435 ||| INVOKING Heroism.
  3447 | D:5      | Reached skill level 3 in Invocations
  3526 | D:5      | 3526 ||| INVOKING Heroism.
  3538 | D:5      | Reached skill level 12 in Ranged Weapons
  3601 | D:5      | 3601 ||| INVOKING Heroism.
  3781 | D:5      | Found a stormy altar of Qazlal.
  3786 | D:5      | 3786 ||| INVOKING Heroism.
  3793 | D:5      | Reached skill level 3 in Fighting
  4129 | D:5      | 4129 ||| UPGRADING to +0 helmet.
  4134 | D:5      | 4134 ||| READING 3 scrolls labelled ERHICRIRCHE.
  4135 | D:5      | 4135 ||| READING scroll labelled RUMOIRPHESEN.
  4136 | D:5      | 4136 ||| DRINKING 2 pink potions.
  4137 | D:5      | 4137 ||| DRINKING 2 cyan potions.
  4138 | D:5      | 4138 ||| DRINKING 2 sapphire potions.
  4139 | D:5      | 4139 ||| READING 3 scrolls of identify.
  4139 | D:5      | 4139 ||| IDENTIFYING bubbling sapphire potion
  4140 | D:5      | 4140 ||| READING 2 scrolls of identify.
  4140 | D:5      | 4140 ||| IDENTIFYING fizzy emerald potion
  4141 | D:5      | 4141 ||| DROPPING potion of invisibility.
  4142 | D:5      | 4142 ||| DROPPING potion of degeneration.
  4143 | D:5      | 4143 ||| DROPPING 2 scrolls of blinking.
  4519 | D:6      | 4519 ||| FLEEEEING.
  4634 | D:6      | 4634 ||| Stepping ~*~*~tactically~*~*~ (outnumbered).
  4636 | D:6      | 4636 ||| Stepping ~*~*~tactically~*~*~ (outnumbered).
  4638 | D:6      | 4638 ||| Stepping ~*~*~tactically~*~*~ (outnumbered).
  4648 | D:6      | 4648 ||| INVOKING Heroism.
  4650 | D:6      | 4650 ||| DRINKING 2 ruby potions.
  4650 | D:6      | HP: 11/46 [gnoll sergeant/+0 spear (7)]
  4651 | D:6      | 4651 ||| READING 2 scrolls of teleportation.
  4652 | D:6      | 4652 ||| DRINKING potion of heal wounds.
  4734 | D:6      | 4734 ||| Stepping ~*~*~tactically~*~*~ (outnumbered).
  4736 | D:6      | 4736 ||| Stepping ~*~*~tactically~*~*~ (outnumbered).
  4737 | D:6      | 4737 ||| Stepping ~*~*~tactically~*~*~ (outnumbered).
  4748 | D:6      | HP: 11/46 [gnoll sergeant/+0 spear (7)]
  4749 | D:6      | 4749 ||| READING scroll of teleportation.
  4907 | D:6      | Reached skill level 13 in Ranged Weapons
  5043 | D:6      | 5043 ||| READING scroll labelled EPO CUVEUC.
  5044 | D:6      | 5044 ||| READING 2 scrolls of identify.
  5044 | D:6      | 5044 ||| IDENTIFYING fizzy dark potion
  5294 | D:7      | 5294 ||| FLEEEEING.
  5331 | D:7      | HP: 11/46 [ice beast (13)]
  5335 | D:7      | HP: 4/46 [ice beast (6)]
  5336 | D:7      | 5336 ||| INVOKING Heroism.
  5340 | D:7      | HP: 1/46 [orc/+0 flail (4)]
  5536 | D:7      | 5536 ||| INVOKING Heroism.
  5562 | D:7      | Reached XP level 9. HP: 44/51 MP: 14/14
  5590 | D:7      | 5590 ||| Stepping ~*~*~tactically~*~*~ (outnumbered).
  5608 | D:7      | Reached skill level 14 in Ranged Weapons
  5667 | D:7      | 5667 ||| INVOKING Heroism.
  5673 | D:7      | HP: 12/51 [white imp/puff of frost (9)]
  5828 | D:7      | 5828 ||| INVOKING Heroism.
  5830 | D:7      | HP: 12/51 [hornet (5)]
  5830 | D:7      | HP: 5/51 [hornet (7)]
  5834 | D:7      | HP: 2/51 [poisoned by a hornet]
  6140 | D:7      | Noticed Menkaure
  6142 | D:7      | 6142 ||| INVOKING Heroism.
  6146 | D:7      | Killed Menkaure
  6171 | D:7      | Found a glowing silver altar of Zin.
  6171 | D:7      | Found an opulent altar of Gozag.
  6341 | D:7      | 6341 ||| INVOKING Heroism.
  6347 | D:7      | Reached skill level 6 in Dodging
  6478 | D:7      | 6478 ||| READING 3 scrolls of identify.
  6478 | D:7      | 6478 ||| IDENTIFYING murky brown potion
  6479 | D:7      | 6479 ||| READING 2 scrolls of identify.
  6479 | D:7      | 6479 ||| IDENTIFYING fizzy cyan potion
  6480 | D:7      | 6480 ||| DROPPING potion of brilliance.
  6537 | D:8      | Noticed a catoblepas
  6538 | D:8      | 6538 ||| INVOKING Heroism.
  6542 | D:8      | Noticed a deep elf pyromancer
  6543 | D:8      | 6543 ||| Stepping ~*~*~tactically~*~*~ (cloud).
  6546 | D:8      | 6546 ||| Stepping ~*~*~tactically~*~*~ (cloud).
  6546 | D:8      | HP: 10/52 [catoblepas/blast of calcifying dust (6)]
  6547 | D:8      | 6547 ||| Stepping ~*~*~tactically~*~*~ (cloud).
  6548 | D:8      | Slain by a catoblepas

Levels and vault maps discovered:
D:1:      wander_arrival_desolate, layout_loops_ring, st_stairs_9
D:2:      layout_rooms, ebering_ecumenical_altar_petrified, minmay_distorted
D:3:      layout_basic, nicolae_dithmenos_the_darkroom,
          mainiacjoe_overflow_catwalk, old_standard_altar, portal_sewer_entry_d,
          minmay_misc_feat_doors, kennysheep_orc_chapel, uniq_grinder
D:4:      layout_basic, old_standard_altar,
          mainiacjoe_overflow_concentric_impassable,
          minmay_temple_entry_large_hall, roderic_batcave, minmay_hedge_maze
D:5:      layout_loops_ring, nicolae_overflow_crystal_walls
D:6:      layout_basic
D:7:      layout_cave_pools, grunt_temple_overflow_gold_and_silver,
          kennysheep_generic_room_12, uniq_menkaure
D:8:      minmay_bloctagon_deflated, layout_cave_pools, kennysheep_mini_moat,
          uniq_maggie
Temple:   eino_temple_lava

Skill      XL: |  1  2  3  4  5  6  7  8  9 |
---------------+----------------------------+-----
Ranged Weapons | 6 7 9 10 11 13 14 | 14.0
Dodging        | 4 6 |  6.8
Fighting       | 2 3 4 |  4.1
Invocations    | 2 4 |  4.0
Armour         | 1 2 |  2.1
Stealth        | |  1.2

Action                     |  1- 3 |  4- 6 |  7- 9 || total
---------------------------+-------+-------+-------++-------
   Fire: Shortbow          |   119 |   160 |   388 ||   667
 Invoke: Heroism           |       |       |    14 ||    14
    Use: Scroll            |     2 |     7 |    11 ||    20
         Potion            |     1 |     2 |     5 ||     8
 Armour: Leather armour    |    12 |     8 |       ||    20
         Robe              |       |     3 |    22 ||    25
         Ring mail         |       |       |    47 ||    47
  Dodge: Dodged            |    28 |    41 |   163 ||   232

Table legend:
 A = Non-vault XP
 B = Vault XP
 C = Vault XP percentage of total XP
 D = Non-vault monster count
 E = Vault monster count
 F = Vault count percentage of total count
                 A         B        C        D         E       F
            +---------+---------+-------+---------+---------+-------
      Total |    3500 |     726 |  17.2 |     153 |      22 |  12.6
            +---------+---------+-------+---------+---------+-------
        D:1 |      49 |       4 |   7.5 |      23 |       3 |  11.5
        D:2 |      56 |       3 |   5.1 |      22 |       2 |   8.3
        D:3 |      28 |     361 |  92.8 |      13 |       5 |  27.8
        D:4 |     567 |      71 |  11.1 |      22 |      10 |  31.2
        D:5 |    1014 |       0 |   0.0 |      16 |       0 |   0.0
        D:6 |     246 |       0 |   0.0 |      16 |       0 |   0.0
        D:7 |    1289 |     287 |  18.2 |      35 |       2 |   5.4
        D:8 |     251 |       0 |   0.0 |       6 |       0 |   0.0
            +---------+---------+-------+---------+---------+-------
